AoeStats
← PBNX_EMP

Arena

508022812Analyzed
3v3 RM · 10d ago on Sep 20, 2026· 60m 41s· 6 players
Game mode
Random Map
Map size
Normal (6 player)
Population
200
Speed
Normal
Resources
Standard
Victory
Conquest
Starting age
Dark Age
Ending age
Imperial Age
RankedLock teamsTeams togetherTeam positionsShared explorationLock speedFull tech treeHidden civsTurbo modeCheats
Victory
Defeat
🇷🇴 Franks · Romania
572
+12
🇷🇴 Teutons · Romania
508
+15
🇬🇧 Italians · United Kingdom
499
+15
🇮🇳 Chinese · India
500
-15
🇪🇸 Jurchens · Spain
494
-14
🇨🇦 Bohemians · Canada
469
-13
nihallamge
0:44 Loom
Leandro III
0:33 Loom
16:19 Feudal Age
17:53 Wheelbarrow
17:04 Town Watch
21:49 Scale Barding Armor
21:44 Scale Mail Armor
21:45 Padded Archer Armor
21:35 Fletching
24:00 Forging
23:41 Fletching
25:32 Double-Bit Axe
25:35 Horse Collar
25:52 Gold Mining
25:53 Stone Mining
25:58 Arson
25:34 Man-at-Arms
30:57 Castle Age
31:09 Bloodlines
33:16 Stone Shaft Mining
33:23 Gold Shaft Mining
33:13 Heavy Plow
34:01 Caravan
34:32 Coinage
35:03 Husbandry
35:27 Chain Mail Armor
36:04 Murder Holes
36:19 Fortified Wall
36:09 Gambesons
36:25 Squires
37:48 Hand Cart
37:42 Guard Tower
38:13 Ballistics
37:34 Treadmill Crane
38:05 Masonry
39:01 Leather Archer Armor
39:10 Bow Saw
39:18 Pikeman
39:22 Crossbowman
39:23 Elite Skirmisher
40:08 Fortified Bastions
44:45 Chain Barding Armor
45:20 Town Patrol
46:08 Coinage
51:23 Imperial Age
48:56 Bodkin Arrow
49:37 Iron Casting
50:08 Siege Engineers
55:22 Thunderclap Bombs
54:33 Elite Iron Pagoda
55:53 Plate Barding Armor
55:24 Bracer
SailorShinde
8:35 Loom
11:30 Feudal Age
12:08 Double-Bit Axe
12:33 Horse Collar
18:18 Arson
23:17 Castle Age
22:00 Scale Mail Armor
22:03 Padded Archer Armor
22:34 Scale Barding Armor
25:57 Husbandry
30:11 Pikeman
30:52 Squires
32:43 Chemistry
31:56 Fortified Wall
31:23 Crossbowman
32:17 Wagenburg Tactics
32:45 Bow Saw
37:56 Ballistics
37:30 Treadmill Crane
42:00 Imperial Age
40:06 Wheelbarrow
40:14 Elite Skirmisher
42:11 Chain Barding Armor
42:10 Leather Archer Armor
42:08 Forging
42:14 Chain Mail Armor
41:50 Fletching
44:10 Halberdier
44:16 Halberdier
44:25 Halberdier
45:13 Elite Hussite Wagon
46:19 Fervor
50:34 Houfnice
PBNX_EMP
14:02 Feudal Age
16:52 Wheelbarrow
16:53 Double-Bit Axe
24:00 Castle Age
24:55 Gold Mining
24:56 Stone Mining
25:22 Bow Saw
25:41 Hand Cart
31:47 Gold Shaft Mining
32:12 Fortified Wall
36:03 Husbandry
39:07 Imperial Age
37:41 Caravan
37:44 Padded Archer Armor
37:51 Scale Barding Armor
37:57 Forging
38:13 Ballistics
39:30 Cavalier
41:19 Chemistry
40:28 Siege Engineers
40:51 Conscription
40:32 Chivalry
40:24 Town Watch
43:11 Paladin
44:22 Chain Barding Armor
44:39 Iron Casting
44:05 Scale Mail Armor
44:20 Leather Archer Armor
43:56 Fletching
48:55 Plate Barding Armor
49:21 Blast Furnace
53:54 Theocracy
mihai.borde78
6:00 Loom
14:14 Feudal Age
14:48 Horse Collar
15:05 Double-Bit Axe
16:13 Wheelbarrow
19:45 Padded Archer Armor
19:36 Fletching
19:57 Forging
23:39 Stone Mining
23:40 Gold Mining
26:19 Castle Age
24:38 Scale Mail Armor
27:24 Heavy Plow
27:46 Leather Archer Armor
28:09 Iron Casting
27:32 Bodkin Arrow
27:52 Chain Mail Armor
29:37 Bow Saw
30:53 Coinage
30:40 Thumb Ring
31:53 Stone Shaft Mining
31:40 Hand Cart
31:51 Treadmill Crane
32:33 Ballistics
32:26 Fortified Wall
32:28 Masonry
37:24 Silk Road
40:06 Imperial Age
38:04 Caravan
40:24 Squires
39:45 Pikeman
42:06 Chemistry
41:38 Architecture
41:00 Guard Tower
41:45 Conscription
41:38 Pirotechnia
43:02 Guilds
43:23 Banking
46:04 Elite Skirmisher
50:39 Elite Genoese Crossbowman
bordeianu.petru
8:12 Loom
10:33 Feudal Age
11:05 Double-Bit Axe
14:01 Horse Collar
17:35 Wheelbarrow
20:16 Castle Age
21:34 Bow Saw
22:07 Heavy Plow
26:40 Scale Mail Armor
27:45 Chain Mail Armor
27:22 Fletching
30:56 Bodkin Arrow
31:11 Forging
32:53 Wheelbarrow
33:55 Iron Casting
34:26 Hand Cart
33:57 Loom
36:47 Imperial Age
37:02 Caravan
37:41 Guilds
38:26 Conscription
38:27 Ironclad
38:44 Hoardings
37:47 Onager
40:22 Two-Man Saw
39:54 Crop Rotation
38:53 Elite Skirmisher
39:37 Squires
39:24 Arson
40:51 Crenellations
40:57 Town Watch
42:00 Plate Mail Armor
42:31 Blast Furnace
41:00 Siege Onager
41:17 Man-at-Arms
41:45 Gambesons
41:23 Elite Teutonic Knight
42:37 Town Patrol
43:39 Padded Archer Armor
43:53 Cavalier
44:47 Bloodlines
46:42 Leather Archer Armor
48:32 Chemistry
47:38 Siege Engineers
48:38 Chemistry
47:59 Ballistics
47:51 Masonry
56:00 Fortified Wall
59:45 Ring Archer Armor
Connection lost

Rejoining the realm…

Still unreachable

The connection could not be restored.

Session expired

The server has moved on; the page needs a fresh start.